 Dungeon Crawl Stone Soup version 0.23-a0-681-g26ad783 (webtiles) character file.

163 emperorscorpion the Covert (level 5, -6/38 HPs)
             Began as a Vampire Assassin on Jan 10, 2019.
             Mangled by a scorpion (7 damage)
             ... on level 5 of the Dungeon.
             The game lasted 00:03:12 (1304 turns).

emperorscorpion the Covert (Vampire Assassin)       Turns: 1304, Time: 00:03:12

Health: -6/38      AC:  4    Str:  8 (10) XL:     5   Next: 20%
Magic:  5/5        EV: 12    Int: 12 (14) God:
Gold:   53         SH:  0    Dex: 15 (16) Spells: 4/4 levels left

rFire    . . .     SeeInvis +   b - +0 blowgun
rCold    . . .     Gourm    .   (no shield)
rNeg     + . .     Faith    .   c - +0 robe
rPois    .         Spirit   .   (no helmet)
rElec    .         Reflect  .   d - +0 cloak
rCorr    .         Harm     .   h - +0 pair of gloves
MR       .....                  (no boots)
Stlth    ++++......             (no amulet)
HPRegen  0.12/turn              (no ring)
MPRegen  0.09/turn              (no ring)

@: lethally poisoned (-6 -> -13)
A: fangs 3, see invisible, unbreathing
a: Bat Form


You were on level 5 of the Dungeon.
You were not thirsty.

You visited 1 branch of the dungeon, and saw 5 of its levels.

You collected 53 gold pieces.

Inventory:

Hand Weapons
 a - a +2 dagger
 b - a +0 blowgun (weapon)
 o - a +4 spear
Missiles
 e - 13 poisoned needles (quivered)
 f - 2 curare-tipped needles
Armour
 c - a +0 robe (worn)
 d - a +0 cloak (worn)
 h - a +0 pair of gloves (worn)
Scrolls
 g - 2 scrolls of remove curse {unknown}
 i - 2 scrolls of identify {unknown}
 j - 2 scrolls of magic mapping {unknown}
 n - a scroll of blinking {unknown}
 q - a scroll of noise {unknown}
 s - a scroll of teleportation {unknown}
Potions
 l - 2 potions of brilliance {unknown}
 m - 11 potions of blood
 p - a potion of heal wounds {unknown}
 r - a potion of agility {unknown}


   Skills:
 + Level 2.3 Fighting
 + Level 3.1 Short Blades
 + Level 2.0 Throwing
 + Level 1.9 Dodging
 + Level 8.3 Stealth


You had 4 spell levels left.
You didn't know any spells.
Your spell library contained the following spells:

 Spells                   Type           Power        Failure   Level  Hunger
 Flame Tongue             Conj/Fire      #....        32%         1    ##.....
 Throw Flame              Conj/Fire      #.....       45%         2    ###....
 Conjure Flame            Conj/Fire      #.......     69%         3    ####...
 Inner Flame              Hex/Fire       #.......     69%         3    ####...
 Sticky Flame             Conj/Fire      #.......     97%         4    #####..
 Fireball                 Conj/Fire      #.........   100%        5    ######.


Dungeon Overview and Level Annotations

Branches:
Dungeon (5/15)
 Temple: D:4-7

Altars:
Qazlal
Zin

Shops:
D:4 [


Innate Abilities, Weirdness & Mutations

You have razor-sharp teeth.
You have supernaturally acute eyesight. (SInv)
You can survive without breathing.


Message History

Press: ? - help, Shift-Dir - straight line, f/p - scorpion
Aim: a scorpion (severely wounded)
You shoot a poisoned needle.
The poisoned needle closely misses the scorpion.
You feel sick. The scorpion stings you!
* * * LOW HITPOINT WARNING * * *
Firing (i - inventory. (/) - cycle)
e - 14 poisoned needles (quivered)
Press: ? - help, Shift-Dir - straight line, f/p - scorpion
Aim: a scorpion (severely wounded)
You shoot a poisoned needle. The poisoned needle hits the scorpion.
The scorpion is poisoned.
The scorpion is severely wounded.
The scorpion stings you.
* * * LOW HITPOINT WARNING * * *
It was a potion of degeneration.
There was something very wrong with that liquid.
You feel weakened.
You feel dopey.
You feel clumsy.
* * * LOW HITPOINT WARNING * * *
You feel sick. The scorpion stings you!
You die...

# ### #### .#
#.. ..# .#
#.# #.# .#
#.#####@# ##
#####....hs.#
###
#......######
..## #.####.#
.(.# #.# #.#
#..###.# ...
...(...# ..##
######## ####


You could see a scorpion and a jackal.

Vanquished Creatures
  A hound (D:4)
  2 orc wizards (D:4)
  A hound skeleton (D:5)
  2 adders
  A worm (D:3)
  An adder skeleton (D:4)
  2 dart slugs (D:2)
  2 leopard geckos
  An orc (D:5)
  2 giant cockroaches (D:4)
  7 hobgoblins
  2 jackals (D:5)
  A quokka (D:4)
  2 ball pythons
  3 bats
  2 frilled lizards
  3 kobolds
  2 rats (D:2)
37 creatures vanquished.

Notes
Turn   | Place    | Note
-------+----------+-------------------------------------------
     0 | D:1      | emperorscorpion the Vampire Assassin began the quest for
                  | the Orb.
     0 | D:1      | Reached XP level 1. HP: 16/16 MP: 1/1
    31 | D:1      | Reached skill level 6 in Stealth
   192 | D:1      | Reached XP level 2. HP: 22/22 MP: 2/2
   453 | D:2      | Found a glowing silver altar of Zin.
   480 | D:2      | Found a stormy altar of Qazlal.
   526 | D:2      | Reached XP level 3. HP: 17/27 MP: 3/3
   625 | D:2      | Reached skill level 7 in Stealth
   866 | D:4      | Reached XP level 4. HP: 5/33 MP: 4/4
  1106 | D:4      | Reached skill level 8 in Stealth
  1170 | D:4      | Reached XP level 5. HP: 38/38 MP: 5/5
  1185 | D:4      | Found Rownip Xuqo's Armour Shoppe.
  1217 | D:5      | Entered Level 5 of the Dungeon
  1303 | D:5      | HP: 1/38 [scorpion (3)]
  1304 | D:5      | Mangled by a scorpion

Vault maps used:
D:1:      dpeg_arrival_yet_another_circle
D:2:      lemuel_coloured_pillars_altar, nicolae_qazlal_eye_of_the_storm
D:3:      first_ration, uniq_sigmund
D:4:      nicolae_overflow_hidden_temple, serial_shops,
          nicolae_shop_behind_doors, minmay_quadrilaterals, uniq_pikel
D:5:      kennysheep_mini_moat, chequers_jeans, uniq_edmund, uniq_eustachio,
          uniq_crazy_yiuf_cottage, uniq_blork_the_orc

Skill      XL: |  1  2  3  4 |
---------------+-------------+-----
Stealth        | 6 7 8 |  8.3
Fighting       | 2 |  2.3
Short Blades   | 3 |  3.1
Throwing       | 2 |  2.0
Dodging        | |  1.9

Action                   |  1- 3 |  4- 6 || total
-------------------------+-------+-------++-------
Melee: Dagger            |    67 |    35 ||   102
       Bite              |     7 |       ||     7
 Fire: Blowgun           |     6 |     8 ||    14
  Use: Potion            |     6 |     2 ||     8
 Stab: Sleeping          |     9 |     5 ||    14
Armor: Robe              |    11 |     8 ||    19
Dodge: Dodged            |    24 |    24 ||    48

Table legend:
 A = Non-vault XP
 B = Vault XP
 C = Vault XP percentage of total XP
 D = Non-vault monster count
 E = Vault monster count
 F = Vault count percentage of total count
                 A         B        C        D         E       F
            +---------+---------+-------+---------+---------+-------
      Total |     192 |      42 |  17.9 |      34 |       3 |   8.1
            +---------+---------+-------+---------+---------+-------
        D:1 |      21 |       0 |   0.0 |      12 |       0 |   0.0
        D:2 |      31 |       0 |   0.0 |       9 |       0 |   0.0
        D:3 |       9 |       0 |   0.0 |       3 |       0 |   0.0
        D:4 |     106 |      42 |  28.4 |       6 |       3 |  33.3
        D:5 |      25 |       0 |   0.0 |       4 |       0 |   0.0
            +---------+---------+-------+---------+---------+-------
